 Dungeon Crawl Stone Soup version 0.29-a0-512-gf59ac788ac (webtiles) character file.

Game seed: 15469054635884025879

303 kyalle the Chopper (level 6, -11/51 HPs)
             Began as a Minotaur Fighter on May 29, 2022.
             Mangled by Menkaure (13 damage)
             ... on level 4 of the Dungeon.
             The game lasted 00:09:26 (2677 turns).

kyalle the Chopper (Minotaur Fighter)               Turns: 2677, Time: 00:09:31

Health: -11/51     AC: 12    Str: 23    XL:     6   Next: 15%
Magic:  5/5        EV:  9    Int:  5    God:
Gold:   129        SH:  4    Dex:  9    Spells: 5/5 levels left

rFire   . . .      SeeInvis .   a - +0 war axe
rCold   . . .      Faith    .   c - +0 buckler
rNeg    . . .      Spirit   .   b - +0 scale mail
rPois   .          Reflect  .   (helmet restricted)
rElec   .          Harm     .   l - +2 cloak
rCorr   .          Rampage  .   h - +1 pair of gloves
Will    .....                   (no boots)
Stlth   ..........              (no amulet)
HPRegen 0.17/turn               (no ring)
MPRegen 0.09/turn               (no ring)

@: lethally poisoned (-11 -> -21)
A: horns 2, retaliatory headbutt
a: no special abilities


You were on level 4 of the Dungeon.
You visited 1 branch of the dungeon, and saw 4 of its levels.

You collected 189 gold pieces.
You spent 60 gold pieces at shops.

Inventory:

Hand Weapons
 a - a +0 war axe (weapon)
Armour
 b - a +0 scale mail (worn)
 c - a +0 buckler (worn)
 h - a +1 pair of gloves (worn)
 l - a +2 cloak (worn)
Scrolls
 o - a scroll of poison {unknown}
 p - a scroll of teleportation {unknown}
 r - 2 scrolls of vulnerability {unknown}
Potions
 d - a potion of might
 e - a potion of degeneration {unknown}
 f - 4 potions of lignification
 g - a potion of attraction {unknown}
 i - a potion of magic
 j - a potion of heal wounds
 k - a potion of cancellation
 m - a potion of resistance {unknown}
 n - a potion of curing {unknown}
 q - 2 potions of mutation {unknown}


   Skills:
 - Level 3.6 Fighting
 * Level 7.9 Axes
 - Level 3.6 Armour
 - Level 3.6 Shields


You had 5 spell levels left.
You didn't know any spells.
Your spell library contained the following spells:

 Spells                   Type           Power      Damage    Failure   Level
 Blink                    Tloc           0%         N/A       95%         2
 Manifold Assault         Tloc           0%         N/A       100%        5
 Summon Forest            Summ/Tloc      0%         N/A       100%        5
 Eringya's Noxious Bog    Tmut/Pois      0%         N/A       100%        6
 Storm Form               Tmut/Air       0%         N/A       100%        7
 Summon Hydra             Summ           0%         N/A       100%        7


Dungeon Overview and Level Annotations

Branches:
Dungeon (4/15)
 Temple: D:4-7

Altars:
Makhleb

Shops:
D:3 =!(

Annotations:
D:4 1 runed translucent door, Menkaure; Taurus's ghost, amateur MiFi


Innate Abilities, Weirdness & Mutations

You have a pair of horns on your head.
You reflexively headbutt those who attack you in melee.


Message History

You feel much better.
Menkaure casts a spell.
Menkaure seems to speed up.
The ball python bites you but does no damage.
The ball python closely misses you. The scorpion stings you.
You are poisoned.
The scorpion poisons you! Menkaure hits you but does no damage.
You hit Menkaure but do no damage. Your headbutt misses Menkaure.
You slash the ball python!
You kill the ball python!
You closely miss the scorpion.
You feel very sick.
The scorpion stings you but does no damage.
Menkaure hits you. The scorpion stings you.
You hit Menkaure. Your headbutt misses Menkaure.
Menkaure is lightly damaged.
You hit the scorpion.
You feel sick.
Menkaure calls on the powers of darkness!
Your body is wracked with pain!
* * * LOW HITPOINT WARNING * * *
The scorpion stings you but does no damage.
Menkaure hits you.
* * * LOW HITPOINT WARNING * * *
You slash Menkaure!
Menkaure is severely damaged.
You hit the scorpion but do no damage.
You feel sick. The scorpion stings you.
* * * LOW HITPOINT WARNING * * *
You are lethally poisoned!
The scorpion poisons you!
Menkaure's bandages flutter.
You block Menkaure's attack.
You hit Menkaure.
Menkaure is almost destroyed.
You barely miss the scorpion.
* * * LOW HITPOINT WARNING * * *
You feel very sick.
The scorpion stings you but does no damage.
Menkaure hits you!
You die...

#[#.. #..... #..###..
...#. # #........
..... . ....... .
..... #. ........
..... #.###..#.#.#
#.#..
#.....##.#.######.###
###..#...........#.###
#...M@†...............
#.##..s...............
#..................
#..................
#..................
#..................
##.................
##.?..<#.....#....
...........(......


You could see Menkaure (fast) and a scorpion.

Vanquished Creatures
  A necrophage (D:4)
  A gnoll shaman (D:4)
  2 hounds
  An orc wizard (D:4)
  2 adders (D:3)
  3 gnolls (D:4)
  A worm (D:3)
  A dart slug (D:1)
  6 orcs
  3 bats
  6 endoplasms
  4 giant cockroaches
  4 goblins
  7 hobgoblins
  9 jackals
  2 quokkas (D:2)
  6 ball pythons
  4 frilled lizards
  6 kobolds
  3 rats (D:3)
72 creatures vanquished.

Notes
Turn   | Place    | Note
-------+----------+-------------------------------------------
     0 | D:1      | kyalle the Minotaur Fighter began the quest for the Orb.
     0 | D:1      | Reached XP level 1. HP: 19/19 MP: 0/0
    76 | D:1      | Reached skill level 3 in Axes
   184 | D:1      | Reached XP level 2. HP: 22/26 MP: 1/1
   437 | D:1      | Reached skill level 4 in Axes
   549 | D:1      | You fall into a shaft and drop 1 floor!
   573 | D:2      | Reached XP level 3. HP: 28/31 MP: 2/2
   903 | D:2      | Reached skill level 5 in Axes
  1655 | D:3      | Reached XP level 4. HP: 39/39 MP: 3/3
  1829 | D:3      | Found Naunaner's Weapon Shop.
  1955 | D:3      | Found a burning altar of Makhleb.
  2119 | D:3      | Found Vezuu's Jewellery Shop.
  2149 | D:3      | Found Foru's Distillery.
  2162 | D:3      | Bought a potion of heal wounds for 60 gold pieces
  2218 | D:3      | Reached skill level 6 in Axes
  2222 | D:3      | Identified the +0 ring mail "Guropof" {Harm rElec rC- SInv}
  2529 | D:4      | Reached XP level 5. HP: 45/45 MP: 4/4
  2556 | D:4      | Found a runed translucent door.
  2556 | D:4      | Noticed a black bear
  2556 | D:4      | Noticed Taurus's ghost (amateur MiFi)
  2575 | D:4      | Reached skill level 7 in Axes
  2600 | D:4      | Reached XP level 6. HP: 41/51 MP: 5/5
  2666 | D:4      | Noticed Menkaure
  2677 | D:4      | HP: 2/51 [poisoned by a scorpion]
  2677 | D:4      | Mangled by Menkaure

Illustrated notes

Levels and vault maps discovered:
D:1:      dpeg_arrival_round_c, layout_loops_ring, st_stairs_4
D:2:      layout_loops_ring
D:3:      layout_basic, mainiacjoe_overflow_24_doors, serial_shops,
          nicolae_shop_trees, shop, shop, guppyfry_early_orc_mine
D:4:      layout_rooms, ebering_ghost_inner_flame, item_on_display_a,
          uniq_menkaure, uniq_edmund

Skill      XL: |  1  2  3  4  5 |
---------------+----------------+-----
Axes           | 3 4 5 6 7 |  7.9
Fighting       | |  3.6
Armour         | |  3.6
Shields        | |  3.6

Action                   |  1- 3 |  4- 6 || total
-------------------------+-------+-------++-------
Melee: War axe           |    68 |    76 ||   144
       Headbutt          |     8 |    10 ||    18
  Use: Scroll            |     4 |     4 ||     8
       Potion            |       |     1 ||     1
Armor: Scale mail        |    31 |    56 ||    87
Dodge: Dodged            |    27 |    45 ||    72
Block: Buckler           |    19 |    13 ||    32

Table legend: (Time is in decaauts)
 A = Elapsed time spent in this place.
 B = Non-inter-level travel time spent in this place.
 C = Inter-level travel time spent in this place.
 D = Time resting spent in this place.
 E = Time spent auto-exploring this place.
 F = Levels seen in this place.
 G = Mean time per level.
                   A        B        C        D        E       F      G
               +--------+--------+--------+--------+--------+-----+--------+
         Total |   2715 |   2672 |     43 |      0 |   1910 |   4 |  678.8 |
       Dungeon |   2715 |   2672 |     43 |      0 |   1910 |   4 |  678.8 |
               +--------+--------+--------+--------+--------+-----+--------+

Top non-repeatable levels by time:
     D:3: 898 daAuts
     D:1: 860 daAuts
     D:2: 751 daAuts
     D:4: 205 daAuts
